 Dungeon Crawl Stone Soup version 0.26-a0-712-ga5a9c9c9d0 (webtiles) character file.

Game seed: 14490713169457485435

7087 jasper the Martial Artist (level 10, -5/80 HPs)
             Began as a Demonspawn Arcane Marksman on Nov 1, 2020.
             Was a High Priest of Cheibriados.
             Slain by a skeletal warrior
             ... wielding a +0 hand axe
             ... led by a skeletal warrior
              (18 damage)
             ... on level 10 of the Dungeon.
             The game lasted 00:15:02 (11440 turns).

jasper the Martial Artist (DsAM)                   Turns: 11440, Time: 00:15:02

Health: -5/80      AC: 10    Str: 25    XL:     10   Next: 84%
Magic:  16/16      EV: 23    Int: 32    God:    Cheibriados [*****.]
Gold:   110        SH:  0    Dex: 27    Spells: 5/11 levels left

rFire    + . .     SeeInvis .     - Unarmed
rCold    + . .     Faith    .   (no shield)
rNeg     . . .     Spirit   .   F - +2 robe {rC+ rF+}
rPois    .         Reflect  .   O - +1 helmet
rElec    .         Harm     .   H - +0 cloak
rCorr    +         Rampage  .   (no gloves)
MR       .....                  L - +0 pair of boots (curse)
Stlth    ++........             (no amulet)
HPRegen  0.23/turn              y - +4 ring of evasion
MPRegen  0.15/turn              R - ring of resist corrosion

@: very slow
A: claws 1, icy blue scales 1, demonic guardian 1, powered by pain 2
a: Bend Time, Temporal Distortion, Slouch, Step From Time, Renounce Religion


You were on level 10 of the Dungeon.
You worshipped Cheibriados.
Cheibriados was extremely pleased with you.
You visited 2 branches of the dungeon, and saw 11 of its levels.
You also visited: Ossuary.

You collected 817 gold pieces.
You spent 707 gold pieces at shops.

Inventory:

Hand Weapons
 a - a +0 shortbow
Missiles
 c - 66 poisoned darts
 q - 44 arrows
 w - 6 silver javelins (quivered)
 A - 7 boomerangs
 C - 5 throwing nets
Armour
 e - a +0 robe
 r - a +0 ring mail
 F - a +2 robe of resistance (worn)
 H - a +0 cloak (worn)
 L - a cursed +0 pair of boots (worn)
 O - a +1 helmet (worn)
Jewellery
 g - an uncursed ring of ice
 u - an uncursed ring of stealth
 y - a +4 ring of evasion (left claw)
 R - a ring of resist corrosion (right claw)
Wands
 G - a wand of polymorph (9)
 I - a wand of paralysis (7)
 N - a wand of disintegration (24)
Scrolls
 b - 3 scrolls of random uselessness
 f - 3 scrolls of magic mapping
 h - 2 scrolls of noise
 j - 2 scrolls of blinking
 m - 5 scrolls of teleportation
 p - 8 scrolls of remove curse
 x - 2 scrolls of fear
 B - a scroll of enchant armour {unknown}
 E - 3 scrolls of immolation {unknown}
 J - a scroll of torment {unknown}
 K - a scroll of summoning {unknown}
 P - a scroll of enchant weapon {unknown}
Potions
 d - a potion of ambrosia
 i - 3 potions of haste
 k - 2 potions of mutation
 l - 3 potions of cancellation
 n - 9 potions of curing
 o - 2 potions of brilliance
 s - 4 potions of degeneration
 t - 2 potions of resistance {unknown}
 v - 2 potions of might {unknown}
 z - a potion of heal wounds
 D - 2 potions of magic
 M - 2 potions of stabbing


   Skills:
 + Level 7.6 Fighting
 - Level 1.7 Bows
 + Level 7.2 Dodging
 * Level 9.9 Unarmed Combat
 - Level 1.0 Spellcasting
 - Level 3.0 Hexes
 + Level 8.9 Invocations


You had 5 spell levels left.
You knew the following spells:

 Your Spells              Type           Power        Failure   Level
a - Corona                Hex            ###....      2%          1
b - Passwall              Tmut/Erth      #.......     12%         2
c - Mephitic Cloud        Conj/Pois/Air  #.......     22%         3

Your spell library contained the following spells:

 Spells                   Type           Power        Failure   Level
 Slow                     Hex            ###.....     3%          2
 Sandblast                Erth           #.....       8%          1
 Poisonous Vapours        Pois/Air       #.....       12%         2
 Inner Flame              Hex/Fire       ##......     12%         3
 Portal Projectile        Hex/Tloc       ##....       12%         3
 Conjure Flame            Conj/Fire      #.......     22%         3
 Stone Arrow              Conj/Erth      #.....       22%         3
 Cause Fear               Hex            ###.......   22%         4
 Leda's Liquefaction      Hex/Erth       ##........   38%         4
 Petrify                  Tmut/Erth      #.......     58%         4
 Lee's Rapid Deconstruct  Erth           #.........   91%         5
 Freezing Cloud           Conj/Ice/Air   #.........   100%        6


Dungeon Overview and Level Annotations

Branches:
Dungeon (10/15)            Temple (1/1) D:4         Ossuary (visited)
   Lair: D:8-11         Orc: D:9-12

Altars:
Ashenzari
Cheibriados
Dithmenos
Elyvilon
Gozag
Hepliaklqana
Kikubaaqudgha
Okawaru
Qazlal
Ru
Sif Muna
Trog
Uskayaw
Wu Jian
Xom
Zin
The Shining One

Shops:
D:2 *   D:5 *!   D:7 =   D:10 *

Annotations:
D:2 1 runed translucent door, Crazy Yiuf
D:6 Prince Ribbit


Innate Abilities, Weirdness & Mutations

You have sharp fingernails.
You are partially covered in icy blue scales. (AC +2)
A weak demonic guardian rushes to your aid.
You sometimes gain power by taking damage.


Message History

You take 15 damage, and have 12/80 hp.
You scratch the shadow imp.
The shadow imp is heavily wounded.
Your ufetubus barely misses the shadow imp. x2
The shadow imp hits you but does no damage.
You mangle the shadow imp!!
You kill the shadow imp!
Cheibriados appreciates the change of pace.
The skeletal warrior closely misses you.
The skeletal warrior hits your ufetubus with a +0 hand axe!
Your ufetubus dies!
You scratch the skeletal warrior.
The skeletal warrior is moderately damaged.
The skeletal warrior completely misses you.
You claw the skeletal warrior!
The skeletal warrior is heavily damaged.
You closely miss the skeletal warrior.
The skeletal warrior is heavily damaged.
The skeletal warrior hits you with a +0 hand axe!!
You die...

....≈≈..##......
........#............>..
........................
...........# #.<.....
...........# #......
............5# #....# .
...........# #....# .
...........#####....# #
#######....).z@.....# #
#...###5###...# #
#...#.....#...# #
#...#.....#...# #
#...#.....#...#####
#########...#.....#........
............#######........
.....>.....................
...........................


You could see a skeletal warrior and a friendly white imp (summoned).

Vanquished Creatures
  Harold (D:10)
  A two-headed ogre (D:8)
  2 skeletal warriors (D:10)
  Maurice (D:10)
  A troll (D:9)
  Grinder (D:3)
  Eustachio (D:6)
  A wyvern (D:8)
  An orc warrior (D:7)
  A sky beast (D:8)
  An ice beast (D:6)
  A necrophage (D:10)
  2 ogres
  2 phantoms
  2 black bears (D:9)
  A big kobold (D:7)
  3 bullfrogs
  Blork the orc (D:6)
  2 water moccasin zombies (Ossuary)
  3 scorpions
  4 killer bees (D:9)
  3 wights (D:6)
  3 howler monkeys
  2 centaur zombies
  2 bullfrog zombies
  4 hounds
  4 orc priests
  2 centaur skeletons
  3 jellies
  6 orc wizards
  Jessica (D:3)
  6 iguanas
  6 worker ants
  2 big kobold zombies (Ossuary)
  2 hound skeletons
  2 mummies (Ossuary)
  A howler monkey zombie (D:9)
  9 adders
  4 river rats (D:7)
  3 shadow imps
  A white imp (D:7)
  2 oozes
  3 adder zombies (Ossuary)
  An adder skeleton (D:8)
  A worm (D:3)
  10 leopard geckos
  29 orcs
  A ball python (D:2)
  6 bats
  4 giant cockroaches
  10 goblins
  11 hobgoblins
  22 jackals
  5 quokkas
  10 frilled lizards
  5 hobgoblin zombies (Ossuary)
  13 kobolds
  7 kobold zombies (Ossuary)
  A leopard gecko skeleton (D:8)
  7 orc zombies (Ossuary)
  2 quokka skeletons
  10 rats
259 creatures vanquished.

Vanquished Creatures (collateral kills)
  2 ogres
  2 killer bees (D:9)
  2 wights (D:6)
  A howler monkey (D:9)
  A hound (D:9)
  An orc (D:7)
  A ball python (D:7)
10 creatures vanquished.

Vanquished Creatures (others)
  An orc wizard (D:6)
  78 plants
79 creatures vanquished.

Grand Total: 348 creatures vanquished

Notes
Turn   | Place    | Note
-------+----------+-------------------------------------------
     0 | D:1      | jasper the Demonspawn Arcane Marksman began the quest for
                  | the Orb.
     0 | D:1      | Reached XP level 1. HP: 15/15 MP: 2/2
   287 | D:1      | Reached skill level 1 in Unarmed Combat
   287 | D:1      | Gained mutation: You sometimes gain a little power by
                  | taking damage. [demonic ancestry]
   287 | D:1      | Reached XP level 2. HP: 21/21 MP: 3/3
   674 | D:1      | Reached XP level 3. HP: 19/27 MP: 4/4
   913 | D:1      | You fall into a shaft and drop 1 floor!
   966 | D:2      | Reached skill level 2 in Unarmed Combat
   993 | D:2      | Found a sacrificial altar of Ru.
  1073 | D:2      | Found Zin's Purification Station.
  1093 | D:2      | HP: 1/27 [goblin/+0 dagger (3)]
  1444 | D:2      | Found a glowing silver altar of Zin.
  1918 | D:2      | Gained mutation: You have sharp fingernails. [demonic
                  | ancestry]
  1918 | D:2      | Reached XP level 4. HP: 24/33 MP: 5/5
  2182 | D:2      | Found a runed translucent door.
  2183 | D:2      | Noticed Crazy Yiuf
  2620 | D:3      | Noticed Grinder
  2631 | D:3      | Killed Grinder
  2631 | D:3      | Reached skill level 3 in Unarmed Combat
  2631 | D:3      | Reached XP level 5. HP: 38/41 MP: 6/6
  2631 | D:3      | Gained mutation: You sometimes gain power by taking damage.
                  | [demonic ancestry]
  2631 | D:3      | Reached XP level 6. HP: 43/47 MP: 7/7
  2747 | D:3      | Noticed Jessica
  2777 | D:3      | Killed Jessica
  2777 | D:3      | Reached skill level 4 in Unarmed Combat
  3468 | D:4      | Found a staircase to the Ecumenical Temple.
  3479 | Temple   | Entered the Ecumenical Temple
  3505 | Temple   | Became a worshipper of Cheibriados the Contemplative
  3667 | D:4      | Reached skill level 1 in Invocations
  3667 | D:4      | Gained mutation: A weak demonic guardian rushes to your
                  | aid. [demonic ancestry]
  3667 | D:4      | Reached XP level 7. HP: 47/52 MP: 8/8
  3846 | D:4      | Found a hazy altar of Hepliaklqana.
  3846 | D:4      | Found a white marble altar of Elyvilon.
  3887 | D:4      | Reached * piety under Cheibriados
  3907 | D:4      | Found a sand-covered staircase.
  3940 | Ossuary  | Entered an ossuary
  3944 | Ossuary  | Learned a level 2 spell: Passwall
  4055 | Ossuary  | Reached ** piety under Cheibriados
  4169 | Ossuary  | Reached skill level 5 in Unarmed Combat
  4633 | D:5      | Entered Level 5 of the Dungeon
  5203 | D:5      | Gained mutation: You are partially covered in icy blue
                  | scales. (AC +2) [demonic ancestry]
  5203 | D:5      | Reached XP level 8. HP: 35/60 MP: 10/10
  5734 | D:5      | Found Fesinac's Assorted Antiques.
  5737 | D:5      | Bought a metallic amethyst potion for 22 gold pieces
  5737 | D:5      | Bought a scroll labeled FOSITIREAD for 25 gold pieces
  6097 | D:5      | Found Ackuhuipp's Distillery.
  6100 | D:5      | Bought a potion of heal wounds for 60 gold pieces
  6100 | D:5      | Bought a potion of curing for 36 gold pieces
  6100 | D:5      | Bought a potion of curing for 36 gold pieces
  6100 | D:5      | Bought a potion of curing for 36 gold pieces
  6100 | D:5      | Bought a potion of magic for 96 gold pieces
  6100 | D:5      | Bought a potion of degeneration for 12 gold pieces
  6257 | D:6      | Reached skill level 6 in Unarmed Combat
  6275 | D:6      | Found a broken altar of Ashenzari.
  6280 | D:6      | Reached *** piety under Cheibriados
  6730 | D:6      | Noticed Blork the orc
  6736 | D:6      | Reached skill level 5 in Fighting
  6745 | D:6      | Killed Blork the orc
  6745 | D:6      | Reached skill level 5 in Dodging
  6750 | D:6      | Reached skill level 5 in Invocations
  6906 | D:6      | Noticed Prince Ribbit
  6976 | D:6      | Reached **** piety under Cheibriados
  7034 | D:6      | Noticed Eustachio
  7053 | D:6      | Killed Eustachio
  7053 | D:6      | Reached skill level 7 in Unarmed Combat
  7230 | D:6      | Reached XP level 9. HP: 67/68 MP: 11/13
  7419 | D:6      | Found a bloodstained altar of Trog.
  7691 | D:7      | Found a stormy altar of Qazlal.
  8071 | D:7      | Found Tennihob's Jewellery Boutique.
  8199 | D:7      | Learned a level 3 spell: Mephitic Cloud
  8523 | D:7      | Reached ***** piety under Cheibriados
  8680 | D:7      | Found a shimmering blue altar of Sif Muna.
  9206 | D:8      | Found a hide-covered altar of Uskayaw.
  9366 | D:8      | Reached skill level 8 in Unarmed Combat
  9424 | D:8      | Noticed a two-headed ogre
  9437 | D:8      | Killed a two-headed ogre
  9750 | D:9      | Found an opulent altar of Gozag.
  9769 | D:9      | Noticed a troll
  9775 | D:9      | Killed a troll
  9775 | D:9      | Reached XP level 10. HP: 62/77 MP: 15/15
 10792 | D:10     | Entered Level 10 of the Dungeon
 10792 | D:10     | Noticed Maurice
 10799 | D:10     | Killed Maurice
 10799 | D:10     | Reached skill level 9 in Unarmed Combat
 11122 | D:10     | Found Piqes's Assorted Antiques.
 11126 | D:10     | Noticed Harold
 11151 | D:10     | Killed Harold
 11270 | D:10     | Bought a scroll labeled EMNOUNAO FANI for 24 gold pieces
 11270 | D:10     | Bought a scroll of identify for 48 gold pieces
 11270 | D:10     | Bought a tubular agate ring for 120 gold pieces
 11270 | D:10     | Bought a scroll of identify for 48 gold pieces
 11270 | D:10     | Bought 2 potions of curing for 144 gold pieces
 11402 | D:10     | Noticed a skeletal warrior
 11402 | D:10     | Noticed a skeletal warrior
 11403 | D:10     | Noticed a skeletal warrior
 11417 | D:10     | Killed a skeletal warrior
 11429 | D:10     | Killed a skeletal warrior
 11440 | D:10     | Slain by a skeletal warrior

Illustrated notes

Levels and vault maps discovered:
D:1:      minmay_arrival_semitransparent, layout_loops_ring,
          minmay_crystal_water, serial_bayou_pond_a, minmay_pentomino_w4
D:2:      layout_loops_cross, zin_purify, nicolae_overflow_hidden_temple,
          uniq_crazy_yiuf_cottage
D:3:      layout_basic, uniq_grinder, uniq_jessica
D:4:      layout_rooms, gammafunk_temple_overflow_wave,
          minmay_temple_entry_sparse_star, gup_sewer_entry_bowl, enter_ossuary_2
D:5:      layout_loops_ring, serial_shops, kennysheep_mini_moat,
          kennysheep_mini, serial_bayou, serial_bayou_shore_b,
          serial_bayou_lagoon_b, serial_bayou_pond_d, serial_bayou_pond_c,
          serial_bayou_pond_d, kennysheep_diamond
D:6:      layout_loops_ring, evilmike_ruin_ashenzari, lightli_temple_of_fire,
          uniq_prince_ribbit1, uniq_eustachio, uniq_blork_the_orc
D:7:      wad_woods_stonehenge, layout_loops_corners, tgw_sif, serial_shops,
          shop, kennysheep_generic_room_15
D:8:      layout_loops_ring, lemuel_coloured_pillars_altar,
          kennysheep_generic_room_12
D:9:      layout_irregular_city, minivault_16, nicolae_gozag_seed_capital
D:10:     cheibrodos_helix_gallery, layout_irregular_city, serial_shops,
          nicolae_shop_statue_plus, uniq_harold, uniq_maurice
Temple:   eino_temple_water

Skill      XL: |  1  2  3  4  5  6  7  8  9 10 |
---------------+-------------------------------+-----
Dodging        | 2 3 4 5 6 7 |  7.2
Unarmed Combat | 1 2 3 4 5 7 8 9 |  9.9
Fighting       | 2 3 4 5 6 7 |  7.6
Invocations    | 1 3 5 7 8 |  8.9
Bows           | |  1.7
Spellcasting   | |  1.0
Hexes          | |  3.0

Action                   |  1- 3 |  4- 6 |  7- 9 | 10-12 || total
-------------------------+-------+-------+-------+-------++-------
Melee: Unarmed           |    10 |   136 |   572 |   146 ||   864
       Punch             |       |     1 |    22 |    11 ||    34
 Fire: Shortbow          |   102 |     6 |       |       ||   108
Throw: Dart              |    27 |    22 |     8 |       ||    57
       Javelin           |       |       |    21 |     2 ||    23
Evoke: Wand              |       |       |     1 |     2 ||     3
  Use: Potion            |     4 |     1 |       |     2 ||     7
       Scroll            |       |     1 |     6 |     5 ||    12
 Stab: Sleeping          |       |     3 |     6 |     1 ||    10
       Distracted        |       |       |     2 |       ||     2
       Paralysed         |       |       |     3 |     4 ||     7
Armor: Robe              |    11 |     4 |    15 |    22 ||    52
       Ring mail         |       |    40 |    71 |       ||   111
Dodge: Dodged            |    63 |    90 |   439 |   144 ||   736

Table legend: (Time is in decaauts)
 A = Elapsed time spent in this place.
 B = Non-inter-level travel time spent in this place.
 C = Inter-level travel time spent in this place.
 D = Time resting spent in this place.
 E = Time spent auto-exploring this place.
 F = Levels seen in this place.
 G = Mean time per level.
                   A        B        C        D        E       F      G
               +--------+--------+--------+--------+--------+-----+--------+
         Total |  14495 |  14121 |    374 |    674 |  11395 |  12 | 1207.9 |
       Dungeon |  14025 |  13680 |    345 |    653 |  11120 |  10 | 1402.5 |
        Temple |     75 |     46 |     29 |     21 |      9 |   1 |   75.0 |
       Ossuary |    394 |    394 |      0 |      0 |    265 |   1 |  394.0 |
               +--------+--------+--------+--------+--------+-----+--------+

Top non-repeatable levels by time:
     D:7: 2030 daAuts
     D:5: 1896 daAuts
     D:6: 1844 daAuts
     D:9: 1588 daAuts
     D:8: 1429 daAuts
     D:2: 1335 daAuts
     D:3: 1127 daAuts
     D:4: 974 daAuts
     D:1: 928 daAuts
    D:10: 870 daAuts
 Ossuary: 394 daAuts
  Temple: 75 daAuts
